 Dungeon Crawl Stone Soup version 0.31-a0-331-geda263fcf1 (webtiles) character file.

Game seed: 16081637092444914825

1239 LustLizard the Ruffian (level 8, 0/81 HPs)
             Began as an Octopode Shapeshifter on July 20, 2023.
             Slain by a gnoll
             ... wielding a +0 club
             ... led by a gnoll bouda
              (3 damage)
             ... on level 5 of the Dungeon.
             The game lasted 00:11:04 (4591 turns).

LustLizard the Ruffian (Octopode Shapeshifter)      Turns: 4591, Time: 00:11:05

Health: 0/81       AC: 24    Str: 17    XL:     8   Next: 49%
Magic:  8/8        EV:  2    Int: 10    God:
Gold:   342        SH:  0    Dex: 12    Spells: 7/7 levels left

rFire   . .          .
                       - Unarmed
rCold   . . .        (no shield)
rNeg    . . .        (helmet currently unavailable)
rPois   +            (no amulet)
rElec   .            e - ring of flight
rCorr   +            f - ring of resist corrosion
SInv    .            u - ring of Koesiva {Fly Slay+3}
Will    .....        w - +5 ring of evasion
Stlth   +++          (no ring)
HPRegen 0.33/turn    (no ring)
MPRegen 0.11/turn    (no ring)
                     (no ring)

%: no passive effects
@: tree-form
A: stationary, stasis, torment immunity, boosted hp, almost no armour,
(amphibious), 8 rings, (camouflage 1), (gelatinous body 1), (nimble swimmer 1),
(tentacles)
a: no special abilities


You were on level 5 of the Dungeon.
You were a tree.
You visited 1 branch of the dungeon, and saw 5 of its levels.
You also visited: Sewer.

You collected 402 gold pieces.
You spent 60 gold pieces at shops.

Inventory:

Missiles
 c - 4 poisoned darts
 g - 6 curare-tipped darts
Armour
 m - a +0 buckler
Jewellery
 e - a ring of flight (left branch)
 f - a ring of resist corrosion (right branch)
 u - the ring of Koesiva (on tentacle) {Fly Slay+3}
   (You found it on level 4 of the Dungeon)

   [ring of flight]

   Slay:      It affects your accuracy & damage with ranged weapons and melee
   (+3).
   Fly:       It grants you flight.
 w - a +5 ring of evasion (on tentacle)
Talismans
 b - a beast talisman
Scrolls
 h - 2 scrolls of blinking {unknown}
 i - a scroll of acquirement {unknown}
 j - 3 scrolls of teleportation
 n - a scroll of poison {unknown}
 p - 2 scrolls of immolation {unknown}
 q - a scroll of vulnerability {unknown}
 s - a scroll of enchant weapon {unknown}
 t - a scroll of noise {unknown}
 x - 2 scrolls of identify {unknown}
 y - 2 scrolls of amnesia {unknown}
Potions
 a - a potion of lignification
 d - 2 potions of brilliance {unknown}
 k - 3 potions of curing
 l - a potion of ambrosia {unknown}
 o - 3 potions of enlightenment {unknown}
 r - a potion of invisibility {unknown}
 v - a potion of berserk rage {unknown}
 z - a potion of might {unknown}
 A - 3 potions of mutation {unknown}
 B - 2 potions of haste {unknown}
 C - a potion of magic {unknown}
 D - a potion of resistance {unknown}
 E - a potion of heal wounds {unknown}


   Skills:
 + Level 4.9 Fighting
 - Level 2.0 Dodging
 - Level 5.0 Stealth
 * Level 6.8 Unarmed Combat
 + Level 4.9 Shapeshifting


You had 7 spell levels left.
You didn't know any spells.
Your spell library contained the following spells:

 Spells                   Type           Power      Damage    Failure   Level
 Sublimation of Blood     Necr           0%         N/A       50%         2
 Wereblood                Tmut           0%         N/A       50%         2
 Stone Arrow              Conj/Erth      0%         3d7       75%         3
 Summon Guardian Golem    Hex/Summ       0%         N/A       75%         3
 Orb of Destruction       Conj           0%         9d5       100%        7
 Spellforged Servitor     Conj/Summ      0%         N/A       100%        7
 Summon Hydra             Summ           0%         N/A       100%        7
 Lehudib's Crystal Spear  Conj/Erth      0%         10d2      100%        8
 Animate Armour           Summ/Erth      Unusable   N/A       N/A         4

Dungeon Overview and Level Annotations

Branches:
Dungeon (5/15)              Sewer (visited)
 Temple: D:4-7

Altars:
Vehumet
The Shining One

Shops:
D:4 ([   D:5 *[


Innate Abilities, Weirdness & Mutations

You are a tree.
Your roots penetrate the ground, keeping you stationary.
You cannot be teleported.
You are immune to unholy pain and torment.
Your maximum health is greatly increased.
You cannot wear most types of armour.
((You are amphibious.))
You can wear up to eight rings at the same time.
((Your skin changes colour to match your surroundings (Stealth+).))
((Your rubbery body absorbs attacks. (AC +1, EV +1)))
((You are camouflaged when in or above water. (Stealth+)))
((You have tentacles for arms and can constrict up to eight enemies at once.))


Message History

You feel better.
The gnoll hits you but does no damage. x2
The gnoll hits you from afar with a +2 vampiric halberd.
You hit the gnoll.
The gnoll is heavily wounded.
The gnoll hits you but does no damage. The gnoll completely misses you.
The gnoll hits you from afar with a +2 vampiric halberd!
* * * LOW HITPOINT WARNING * * *
You barely miss the gnoll.
The gnoll is heavily wounded.
The gnoll bouda calls upon its god to heal the gnoll.
The gnoll is healed somewhat.
The gnoll hits you but does no damage. x3
You smack the gnoll!
The gnoll is severely wounded.
The gnoll hits you but does no damage. x2
The gnoll hits you from afar with a +2 vampiric halberd.
* * * LOW HITPOINT WARNING * * *
Unknown command.
You closely miss the gnoll bouda.
Your attacks no longer feel as feeble.
The gnoll hits you but does no damage. x2
You closely miss the gnoll.
The gnoll is severely wounded.
The gnoll hits you but does no damage. x2
Unknown command.
You smack the gnoll bouda!
The gnoll bouda is heavily wounded.
The gnoll hits you but does no damage. x3
Unknown command.
You barely miss the gnoll bouda.
The gnoll bouda is heavily wounded.
The gnoll hits you but does no damage. The gnoll hits you with a +0 club.
* * * LOW HITPOINT WARNING * * *
The gnoll bouda barely misses you.
You smack the gnoll bouda!
The gnoll bouda is almost dead.
The gnoll hits you but does no damage.
The gnoll hits you from afar with a +2 vampiric halberd!
* * * LOW HITPOINT WARNING * * *
The gnoll hits you with a +0 club.
You die...

..# #....### ..###
#....# ......#
....###....# ......#
##....#....# ......#
#....#....# ......#
#....#....# g.....#
#..>.#....# gg....#
##....#....######gg....#
.+....'.........♣g>....#
##....#....#######+#####
#....#....# ##....#....#
.#....###### .#....#
.#....# .#....# #+#
.#....# #.#


You could see a gnoll bouda and 5 gnolls.

Vanquished Creatures
  Grinder (Sewer)
  A water moccasin (D:5)
  Duvessa (D:5)
  A phantom (D:5)
  A kobold brigand (Sewer)
  3 scorpions
  Dowan (D:5)
  2 quasits (Sewer)
  3 hounds (D:5)
  An iguana (D:5)
  3 gnolls (D:5)
  11 adders
  A shadow imp (Sewer)
  3 ufetubi (Sewer)
  A worm (D:2)
  4 dart slugs
  8 orcs
  19 ball pythons
  2 endoplasms
  4 giant cockroaches
  10 hobgoblins
  4 jackals (D:2)
  4 quokkas
  6 bats
  5 frilled lizards (D:1)
  7 goblins
  15 kobolds
  A kobold zombie (Sewer)
  5 rats
128 creatures vanquished.

Vanquished Creatures (others)
  A kobold zombie (Sewer)
1 creature vanquished.

Grand Total: 129 creatures vanquished

Notes
Turn   | Place    | Note
-------+----------+-------------------------------------------
     0 | D:1      | LustLizard the Octopode Shapeshifter began the quest for
                  | the Orb.
     0 | D:1      | Reached XP level 1. HP: 14/14 MP: 1/1
   224 | D:1      | Reached XP level 2. HP: 19/19 MP: 2/2
   250 | D:1      | Reached skill level 1 in Stealth
   590 | D:1      | Reached XP level 3. HP: 3/24 MP: 3/3
  1141 | D:2      | Reached skill level 3 in Unarmed Combat
  1170 | D:2      | Reached XP level 4. HP: 30/30 MP: 4/4
  1595 | D:2      | Found a faded altar of an unknown god.
  2111 | D:3      | Reached XP level 5. HP: 34/35 MP: 5/5
  2699 | D:4      | Identified the ring of Koesiva {Fly Slay+3}
  2749 | D:4      | Found Cyorphat's Antique Armour Emporium.
  2883 | D:4      | Found Itzamoor's Antique Weapon Shop.
  3119 | D:4      | Found a radiant altar of Vehumet.
  3126 | D:4      | Reached skill level 4 in Unarmed Combat
  3314 | D:4      | Reached XP level 6. HP: 42/42 MP: 6/6
  3423 | D:5      | Entered Level 5 of the Dungeon
  3423 | D:5      | Found Got Xaxkapn's General Store.
  3463 | D:5      | Bought a potion of curing for 30 gold pieces
  3463 | D:5      | Bought a scroll of teleportation for 30 gold pieces
  3518 | D:5      | Found Koady's Antique Armour Shop.
  3631 | D:5      | Reached XP level 7. HP: 47/47 MP: 7/7
  3634 | D:5      | Reached skill level 5 in Unarmed Combat
  3761 | D:5      | Found a glowing golden altar of the Shining One.
  3892 | D:5      | Found a glowing drain.
  3902 | Sewer    | Entered a sewer
  4025 | Sewer    | Found a burning altar of Makhleb.
  4033 | Sewer    | Reached skill level 5 in Stealth
  4195 | Sewer    | Noticed Grinder
  4200 | Sewer    | Reached XP level 8. HP: 50/54 MP: 8/8
  4204 | Sewer    | Killed Grinder
  4205 | Sewer    | Reached skill level 6 in Unarmed Combat
  4565 | D:5      | Noticed Duvessa
  4570 | D:5      | Noticed Dowan
  4577 | D:5      | Killed Duvessa
  4581 | D:5      | Killed Dowan
  4591 | D:5      | HP: 3/81 [gnoll/+2 vampiric halberd[a gnoll bouda] (10)]
  4591 | D:5      | Slain by a gnoll

Illustrated notes

Levels and vault maps discovered:
D:1:      matt_arrival_grand_opening, layout_basic
D:2:      layout_basic, chequers_ecumenical_altar_twisty
D:3:      layout_loops_cross
D:4:      layout_gridville, mainiacjoe_overflow_alcove_1, serial_shops, shop,
          nicolae_shop_crystal, eino_small_chamber_without_monster
D:5:      layout_basic, mainiacjoe_overflow_alcove_4, portal_sewer_entry_d,
          serial_shops, nicolae_shop_real_fake_doors, nicolae_stop_n_shop_1,
          st_stairs_14, uniq_duvessa

Skill      XL: |  1  2  3  4  5  6  7  8 |
---------------+-------------------------+-----
Stealth        | 1 2 3 4 5 |  5.0
Unarmed Combat | 3 4 5 6 |  6.8
Fighting       | 3 4 |  4.9
Shapeshifting  | 4 |  4.9
Dodging        | |  2.0

Action                     |  1- 3 |  4- 6 |  7- 9 || total
---------------------------+-------+-------+-------++-------
  Melee: Unarmed           |    71 |    99 |    70 ||   240
         Constrict         |    26 |    22 |    20 ||    68
         Tentacles         |    11 |    17 |    12 ||    40
         Punch             |     1 |     4 |     4 ||     9
  Throw: Dart              |       |     2 |     2 ||     4
    Use: Scroll            |       |     1 |       ||     1
         Potion            |       |       |     2 ||     2
   Stab: Sleeping          |     1 |    13 |    10 ||    24
 Armour: Skin              |     9 |     5 |    29 ||    43
  Dodge: Dodged            |    55 |    44 |    53 ||   152

Table legend: (Time is in decaauts)
 A = Elapsed time spent in this place.
 B = Non-inter-level travel time spent in this place.
 C = Inter-level travel time spent in this place.
 D = Time resting spent in this place.
 E = Time spent auto-exploring this place.
 F = Levels seen in this place.
 G = Mean time per level.
                   A        B        C        D        E       F      G
               +--------+--------+--------+--------+--------+-----+--------+
         Total |   4570 |   4392 |    178 |    179 |   2991 |   6 |  761.7 |
       Dungeon |   4180 |   4002 |    178 |    179 |   2734 |   5 |  836.0 |
         Sewer |    390 |    390 |      0 |      0 |    257 |   1 |  390.0 |
               +--------+--------+--------+--------+--------+-----+--------+

Top non-repeatable levels by time:
     D:1: 1023 daAuts
     D:4: 971 daAuts
     D:2: 794 daAuts
     D:5: 767 daAuts
     D:3: 622 daAuts
   Sewer: 390 daAuts
